 Dungeon Crawl Stone Soup version 0.18.1-48-g4cf74bf (webtiles) character file.

84 Heedrag the Chopper (level 4, -9/39 HPs)
             Began as a Minotaur Fighter on Aug 5, 2016.
             Mangled by Sigmund
             ... wielding a +0 scythe
              (12 damage)
             ... on level 2 of the Dungeon.
             The game lasted 00:02:51 (1172 turns).

Heedrag the Chopper (Minotaur Fighter)              Turns: 1172, Time: 00:02:51

Health: -9/39      AC:  6    Str: 21    XL:     4   Next: 23%
Magic:  3/3        EV:  7    Int:  5    God:
Gold:   121        SH:  9    Dex: 10    Spells: 0 memorised, 3 levels left

rFire  . . .     SeeInvis .     a - +0 war axe
rCold  . . .     Gourm    .     b - +0 scale mail
rNeg   . . .     Faith    .     c - +0 shield
rPois  .         Spirit   .     (helmet restricted)
rElec  .         Dismiss  .     (no cloak)
rCorr  .         Reflect  .     (no gloves)
SustAt .         Harm     .     (no boots)
MR     .....                    (no amulet)
Stlth  ..........               (no ring)
                                (no ring)

@: not resistant to hostile enchantments, extremely unstealthy
A: retaliatory headbutt, horns 2
a: no special abilities


You were on level 2 of the Dungeon.
You were not hungry.

You visited 1 branch of the dungeon, and saw 2 of its levels.

You collected 121 gold pieces.

Inventory:

Hand Weapons
 a - a +0 war axe (weapon)
 k - a cursed -3 spear
 o - a +3 mace
Armour
 b - a +0 scale mail (worn)
 c - a +0 shield (worn)
Wands
 s - a wand of flame (23/48)
Scrolls
 e - a scroll of enchant armour {unknown}
 g - a scroll of remove curse {unknown}
 j - 4 scrolls of identify {unknown}
 l - a scroll of immolation {unknown}
 n - a scroll of teleportation {unknown}
 r - a scroll of recharging {unknown}
 t - a scroll of fear {unknown}
Potions
 d - a potion of might
 h - a potion of curing {unknown}
 m - a potion of cancellation {unknown}
 q - a potion of haste {unknown}
Comestibles
 f - 2 bread rations
 i - 2 chunks of flesh
 p - a meat ration


   Skills:
 - Level 3.6 Fighting
 * Level 5.5 Axes
 - Level 3.6 Armour
 - Level 3.6 Shields


You had 3 spell levels left.
You didn't know any spells.

Dungeon Overview and Level Annotations

Branches:
Dungeon (2/15)

Altars:
Qazlal

Annotations:
D:2 Sigmund


Innate Abilities, Weirdness & Mutations

You reflexively headbutt those who attack you in melee.
You have a pair of horns on your head.


Message History

Sigmund hits ye wit' a scytha.
* * * LOW HITPOINT WARNIN'
* * * Ye closely miss Sigmund.
Sigmund closely misses ye.
Ye furiously retaliate!
Ye headbutt Sigmund, but do nay damage.
Ye closely miss Sigmund.
Sigmund hits ye but does nay damage.
Ye closely miss Sigmund.
Ye headbutt Sigmund!
Sigmund be moderately wounded.
Ye block Sigmund's attack.
Ye hit Sigmund.
Sigmund be moderately wounded.
Sigmund completely misses ye.
Ye furiously retaliate!
Ye headbutt Sigmund.
Ye closely miss Sigmund.
Sigmund be heavily wounded.
Sigmund casts a spell at ye.
Tha magic dart hits ye!
* * * LOW HITPOINT WARNIN'
* * * Ye barely miss Sigmund.
Sigmund be heavily wounded.
Sigmund hits ye wit' a scytha!
Ye die...

#.######### #.#.....#
#.#.###.# #.#...#.#
#.###.#.###
#.........#
##########.#.#.#
######.#...#....#.#.#
#...@..#.#.##.###.#.#
###@##.#...<......#+#
###.##.#...#.#####...
#................+...
######.#.#########(..
#....#... #..+...
#.#### ### #.##...
#.###########..####
#.#............# #


You could see Sigmund.

Vanquished Creatures
  Ijyb (D:2)
  2 adders (D:2)
  2 worms (D:2)
  A dart slug (D:2)
  A giant cockroach (D:1)
  4 goblins (D:1)
  6 hobgoblins
  2 quokkas (D:2)
  8 bats
  2 giant newts (D:1)
  4 kobolds (D:1)
  4 rats
37 creatures vanquished.

Notes
Turn   | Place    | Note
--------------------------------------------------------------
     0 | D:1      | Heedrag the Minotaur Fighter began the quest for the Orb.
     0 | D:1      | Reached XP level 1. HP: 19/19 MP: 0/0
    70 | D:1      | Reached skill level 3 in Axes
   138 | D:1      | Reached XP level 2. HP: 14/26 MP: 1/1
   384 | D:1      | Reached skill level 4 in Axes
   516 | D:2      | Reached XP level 3. HP: 12/31 MP: 2/2
   703 | D:2      | Found a stormy altar of Qazlal.
  1032 | D:2      | Noticed Ijyb
  1042 | D:2      | Killed Ijyb
  1042 | D:2      | Reached skill level 5 in Axes
  1042 | D:2      | Reached XP level 4. HP: 17/39 MP: 3/3
  1162 | D:2      | Noticed Sigmund
  1172 | D:2      | Mangled by Sigmund

Skill      XL: |  1  2  3 |
---------------+----------+-----
Axes           | 3 4 5 |  5.5
Fighting       | |  3.6
Armour         | |  3.6
Shields        | |  3.6

Action                   |  1- 3 |  4- 6 || total
-------------------------+-------+-------++-------
Melee: War axe           |    87 |    19 ||   106
       Headbutt          |     7 |     4 ||    11
  Eat: Chunk             |     1 |       ||     1
Armor: Scale mail        |    28 |     3 ||    31
Dodge: Dodged            |    25 |     5 ||    30
Block: Shield            |    65 |     3 ||    68
